[ AOE2 MATCH · #506743039 ]
UnrankedShu vs Vikings
Player's team · WIN
Rival team · LOSS
[ REPLAY ANALYSIS · EXTRACTED FROM THE RECORDED GAME ]
Feudal
—
Castle
—
Imperial
—
| APM avg | 29.9 |
| APM peak | 78 |
| eAPM avg | 17.0 |
| Villagers / military | 150 / 107 |
Focus
⚔️ 32.2% · 🌾 67.8%
Archer ×93 · Unknown (1959) ×73 · Unknown (1942) ×10 · Battering Ram ×8 · Monk ×3 · Scout Cavalry ×3
Feudal
—
Castle
—
Imperial
—
| APM avg | 33.4 |
| APM peak | 61 |
| eAPM avg | 17.4 |
| Villagers / military | 119 / 105 |
Focus
⚔️ 29.5% · 🌾 70.5%
Archer ×47 · Militia ×44 · Spearman ×4 · Skirmisher ×4 · Trebuchet (Packed) ×3 · Scout Cavalry ×2
Match map
Initial resources + every placement click. Lines = walls · curves = elevation contours. ◆ gold · ⬟ stone · ● berries · ✦ relic · ◌ wall gap
Your base· Open — unwalled flank
"Jihei endonka"'s base· ✓ Closed at 22:52 · 26t walls · 1 gate(s)
Smoothed initial terrain · ◌ = detected wall gap · hover for details
Inputs per minute
— Matasariano9065 - - "Jihei endonka"
Build order — Matasariano9065
First 150 of 421 actions detected
| 0:01 | Queue | Villager (Male) |
| 0:01 | Queue | Villager (Male) |
| 0:03 | Build | House |
| 0:06 | Build | House |
| 0:17 | Queue | Villager (Male) |
| 0:17 | Queue | Villager (Male) |
| 1:34 | Queue | Villager (Male) |
| 1:34 | Queue | Villager (Male) |
| 2:08 | Queue | Villager (Male) |
| 2:08 | Queue | Villager (Male) |
| 2:16 | Queue | Villager (Male) |
| 2:17 | Queue | Villager (Male) |
| 2:39 | Build | Lumber Camp |
| 2:46 | Queue | Villager (Male) |
| 3:03 | Build | House |
| 3:05 | Build | House |
| 3:13 | Queue | Villager (Male) |
| 3:36 | Queue | Villager (Male) |
| 3:37 | Queue | Villager (Male) |
| 3:46 | Queue | Villager (Male) |
| 4:13 | Queue | Villager (Male) |
| 4:13 | Queue | Villager (Male) |
| 4:31 | Queue | Villager (Male) |
| 4:31 | Queue | Villager (Male) |
| 4:43 | Queue | Villager (Male) |
| 4:43 | Queue | Villager (Male) |
| 5:09 | Queue | Villager (Male) |
| 5:28 | Queue | Villager (Male) |
| 5:48 | Build | Mining Camp |
| 6:21 | Research | Loom |
| 6:50 | Research | Feudal Age |
| 6:50 | Research | Feudal Age |
| 7:48 | Build | Barracks |
| 8:14 | Build | House |
| 8:17 | Build | Palisade Wall |
| 8:29 | Queue | Villager (Male) |
| 8:30 | Queue | Villager (Male) |
| 9:05 | Build | House |
| 9:08 | Build | Palisade Wall |
| 9:21 | Build | Archery Range |
| 9:33 | Research | Double-Bit Axe |
| 10:02 | Build | Blacksmith |
| 10:04 | Queue | Archer |
| 10:04 | Queue | Archer |
| 10:14 | Queue | Villager (Male) |
| 10:33 | Queue | Villager (Male) |
| 10:44 | Build | House |
| 10:56 | Build | Mill |
| 10:57 | Queue | Villager (Male) |
| 11:05 | Build | House |
| 11:22 | Build | House |
| 11:27 | Build | House |
| 11:33 | Build | House |
| 11:37 | Build | Palisade Gate |
| 11:40 | Build | House |
| 11:41 | Build | House |
| 11:42 | Queue | Villager (Male) |
| 11:48 | Queue | Archer |
| 11:48 | Queue | Archer |
| 11:49 | Queue | Archer |
| 12:03 | Queue | Villager (Male) |
| 12:04 | Queue | Villager (Male) |
| 12:08 | Queue | Archer |
| 12:08 | Queue | Archer |
| 12:23 | Queue | Archer |
| 12:29 | Queue | Villager (Male) |
| 12:30 | Queue | Villager (Male) |
| 12:34 | Build | Farm |
| 12:35 | Build | Farm |
| 12:36 | Build | Farm |
| 12:44 | Build | Farm |
| 12:59 | Queue | Villager (Male) |
| 13:06 | Queue | Villager (Male) |
| 13:48 | Build | Stable |
| 14:10 | Queue | Villager (Male) |
| 14:10 | Queue | Villager (Male) |
| 14:13 | Queue | Villager (Male) |
| 14:21 | Queue | Villager (Male) |
| 14:26 | Queue | Villager (Male) |
| 14:28 | Build | Farm |
| 14:29 | Build | Farm |
| 14:29 | Build | Farm |
| 14:29 | Build | Farm |
| 15:00 | Queue | Villager (Male) |
| 15:16 | Queue | Villager (Male) |
| 15:26 | Queue | Villager (Male) |
| 15:36 | Queue | Villager (Male) |
| 15:45 | Build | Market |
| 15:47 | Build | Palisade Wall |
| 15:55 | Queue | Villager (Male) |
| 16:07 | Queue | Villager (Male) |
| 16:10 | Queue | Villager (Male) |
| 16:16 | Build | Mill |
| 16:17 | Build | Farm |
| 16:17 | Build | Farm |
| 16:18 | Build | Farm |
| 16:18 | Build | Farm |
| 16:18 | Build | Farm |
| 16:19 | Queue | Villager (Male) |
| 16:34 | Queue | Villager (Male) |
| 17:10 | Queue | Villager (Male) |
| 17:16 | Queue | Villager (Male) |
| 17:19 | Build | Farm |
| 17:28 | Queue | Villager (Male) |
| 17:32 | Build | House |
| 17:34 | Build | House |
| 17:47 | Queue | Villager (Male) |
| 17:53 | Build | Farm |
| 17:54 | Build | Farm |
| 17:54 | Build | Farm |
| 18:15 | Research | Castle Age |
| 18:15 | Research | Castle Age |
| 18:40 | Queue | Villager (Male) |
| 18:50 | Build | Mining Camp |
| 18:53 | Research | Stone Mining |
| 19:14 | Research | Horse Collar |
| 19:54 | Queue | Villager (Male) |
| 20:00 | Research | Gold Mining |
| 20:22 | Queue | Scout Cavalry |
| 20:23 | Queue | Scout Cavalry |
| 20:23 | Queue | Scout Cavalry |
| 20:51 | Queue | Villager (Male) |
| 21:19 | Build | Town Center |
| 21:21 | Queue | Villager (Male) |
| 22:11 | Build | Castle |
| 22:28 | Research | Light Cavalry (upgrade) |
| 22:32 | Research | Forging |
| 22:33 | Queue | Villager (Male) |
| 22:33 | Queue | Villager (Male) |
| 22:35 | Queue | Villager (Male) |
| 22:35 | Queue | Villager (Male) |
| 22:47 | Queue | Villager (Male) |
| 22:54 | Build | Siege Workshop |
| 22:59 | Research | Bow Saw |
| 23:03 | Queue | Villager (Male) |
| 23:24 | Queue | Villager (Male) |
| 23:37 | Build | Farm |
| 23:38 | Build | Farm |
| 23:41 | Queue | Unit 1959 |
| 23:44 | Queue | Battering Ram |
| 23:44 | Queue | Battering Ram |
| 23:48 | Queue | Villager (Male) |
| 24:02 | Queue | Unit 1959 |
| 24:09 | Queue | Battering Ram |
| 24:09 | Queue | Battering Ram |
| 24:26 | Build | Monastery |
| 24:29 | Queue | Villager (Male) |
| 24:29 | Queue | Villager (Male) |
| 24:31 | Queue | Villager (Male) |
| 24:38 | Build | Farm |
Build order — "Jihei endonka"
First 150 of 372 actions detected
| 0:01 | Queue | Villager (Male) ×4 |
| 0:02 | Build | House |
| 0:04 | Build | House |
| 1:31 | Queue | Villager (Male) |
| 1:46 | Queue | Villager (Male) |
| 2:18 | Queue | Villager (Male) |
| 2:34 | Build | Lumber Camp |
| 2:51 | Queue | Villager (Male) |
| 2:52 | Queue | Villager (Male) |
| 2:52 | Queue | Villager (Male) |
| 3:51 | Queue | Villager (Male) |
| 3:51 | Queue | Villager (Male) |
| 3:58 | Build | House |
| 4:18 | Queue | Villager (Male) |
| 4:51 | Queue | Villager (Male) |
| 4:51 | Queue | Villager (Male) |
| 4:52 | Queue | Villager (Male) |
| 5:49 | Queue | Villager (Male) |
| 5:56 | Build | Mill |
| 6:09 | Queue | Villager (Male) |
| 6:09 | Research | Loom |
| 7:12 | Build | House |
| 7:23 | Queue | Villager (Male) |
| 7:55 | Research | Feudal Age |
| 8:20 | Build | Barracks |
| 8:42 | Build | Mill |
| 8:55 | Build | Mining Camp |
| 9:16 | Queue | Villager (Male) |
| 9:17 | Queue | Militia |
| 9:18 | Queue | Militia |
| 9:18 | Queue | Militia |
| 9:42 | Build | House |
| 9:43 | Build | Palisade Wall |
| 9:44 | Build | Palisade Wall |
| 9:49 | Build | Palisade Wall |
| 10:02 | Queue | Militia |
| 10:22 | Queue | Villager (Male) |
| 10:47 | Queue | Villager (Male) |
| 10:50 | Build | Farm |
| 10:51 | Build | Farm |
| 10:54 | Build | Farm |
| 11:25 | Queue | Villager (Male) |
| 11:41 | Build | House |
| 12:00 | Queue | Villager (Male) |
| 12:01 | Research | Man-at-Arms (upgrade) |
| 12:11 | Build | House |
| 12:15 | Build | Palisade Wall |
| 12:24 | Queue | Villager (Male) |
| 12:28 | Build | Blacksmith |
| 12:35 | Build | Market |
| 12:41 | Build | Market |
| 12:52 | Build | House |
| 12:55 | Build | House |
| 12:59 | Build | Lumber Camp |
| 13:00 | Queue | Villager (Male) |
| 13:27 | Queue | Villager (Male) |
| 13:38 | Queue | Villager (Male) |
| 14:04 | Queue | Villager (Male) |
| 14:13 | Build | Watch Tower |
| 14:16 | Build | House |
| 14:18 | Build | House |
| 14:28 | Queue | Villager (Male) |
| 15:05 | Queue | Villager (Male) |
| 15:08 | Research | Double-Bit Axe |
| 15:19 | Queue | Villager (Male) |
| 15:29 | Build | Mining Camp |
| 15:37 | Queue | Villager (Male) |
| 16:00 | Build | Farm |
| 16:03 | Build | Farm |
| 16:13 | Build | Farm |
| 16:15 | Build | Farm |
| 16:24 | Queue | Villager (Male) |
| 16:39 | Build | Farm |
| 16:52 | Queue | Villager (Male) |
| 16:58 | Build | Farm |
| 17:19 | Queue | Villager (Male) |
| 17:32 | Build | Archery Range |
| 17:49 | Queue | Villager (Male) |
| 18:15 | Research | Fletching |
| 18:18 | Queue | Villager (Male) |
| 18:35 | Queue | Skirmisher |
| 18:37 | Queue | Villager (Male) |
| 18:52 | Build | House |
| 18:56 | Build | House |
| 19:03 | Build | House |
| 19:09 | Queue | Skirmisher |
| 19:11 | Queue | Villager (Male) |
| 19:15 | Build | Farm |
| 19:54 | Queue | Villager (Male) |
| 20:08 | Build | Mining Camp |
| 20:11 | Queue | Skirmisher |
| 20:24 | Queue | Villager (Male) |
| 20:28 | Build | Farm |
| 20:30 | Build | Farm |
| 20:34 | Build | Farm |
| 20:37 | Build | Farm |
| 20:39 | Queue | Skirmisher |
| 20:51 | Queue | Militia |
| 21:01 | Queue | Villager (Male) |
| 21:05 | Build | Farm |
| 21:20 | Queue | Villager (Male) |
| 21:34 | Build | Palisade Gate |
| 21:36 | Build | House |
| 21:40 | Build | House |
| 21:51 | Build | Farm |
| 21:53 | Queue | Villager (Male) |
| 22:05 | Build | Stable |
| 22:11 | Build | Farm |
| 22:23 | Queue | Villager (Male) |
| 22:39 | Build | House |
| 22:40 | Build | House |
| 22:42 | Build | House |
| 22:52 | Research | Castle Age |
| 22:53 | Research | Castle Age |
| 23:00 | Build | Barracks |
| 23:06 | Build | Archery Range |
| 23:17 | Queue | Spearman |
| 23:29 | Build | House |
| 23:30 | Build | House |
| 23:32 | Build | House |
| 23:33 | Build | Palisade Wall |
| 23:38 | Queue | Villager (Male) |
| 23:44 | Queue | Militia |
| 23:45 | Queue | Spearman |
| 23:57 | Research | Gold Mining |
| 24:01 | Build | House |
| 24:02 | Build | House |
| 24:04 | Build | House |
| 24:07 | Queue | Villager (Male) |
| 24:15 | Build | Farm |
| 24:17 | Build | Farm |
| 24:19 | Queue | Militia |
| 24:19 | Queue | Spearman |
| 24:37 | Research | Scale Mail Armor |
| 24:48 | Queue | Villager (Male) |
| 24:53 | Build | Farm |
| 25:03 | Build | Farm |
| 25:12 | Queue | Militia |
| 25:12 | Queue | Spearman |
| 25:33 | Research | Town Watch |
| 25:35 | Queue | Villager (Male) |
| 25:47 | Research | Pikeman (upgrade) |
| 26:00 | Research | Forging |
| 26:13 | Build | Siege Workshop |
| 26:19 | Queue | Villager (Male) |
| 26:25 | Build | Palisade Gate |
| 26:26 | Build | Lumber Camp |
| 26:44 | Build | Siege Workshop |
| 26:50 | Research | Bow Saw |
| 26:51 | Research | Horse Collar |
Match timeline
| 7:48 | Matasariano9065 · first_building Barracks |
| 8:17 | Matasariano9065 · wall_segment Palisade Wall x1 |
| 8:20 | "Jihei endonka" · first_building Barracks |
| 9:08 | Matasariano9065 · wall_segment Palisade Wall x4 |
| 9:21 | Matasariano9065 · first_building Archery Range |
| 9:43 | "Jihei endonka" · wall_segment Palisade Wall x1 |
| 9:44 | "Jihei endonka" · wall_segment Palisade Wall x1 |
| 9:49 | "Jihei endonka" · wall_segment Palisade Wall x8 |
| 12:15 | "Jihei endonka" · wall_segment Palisade Wall x16 |
| 13:48 | Matasariano9065 · first_building Stable |
| 15:47 | Matasariano9065 · wall_segment Palisade Wall x6 |
| 17:32 | "Jihei endonka" · first_building Archery Range |
| 18:03 | Matasariano9065 · first_market_buy 100 food |
| 18:29 | "Jihei endonka" · first_market_sell 100 wood |
| 22:05 | "Jihei endonka" · first_building Stable |
| 22:11 | Matasariano9065 · first_building Castle |
| 22:54 | Matasariano9065 · first_building Siege Workshop |
| 23:33 | "Jihei endonka" · wall_segment Palisade Wall x1 |
| 24:26 | Matasariano9065 · first_building Monastery |
| 26:13 | "Jihei endonka" · first_building Siege Workshop |
| 31:21 | Matasariano9065 · first_market_sell 100 wood |
| 33:15 | "Jihei endonka" · first_building Castle |
| 34:16 | "Jihei endonka" · first_building Monastery |
| 48:44 | "Jihei endonka" · resign |
[ AI ANALYSIS · 1 CREDIT ]
What really happened in this match?
Wolo.gg analyzes every decision: build order, eco, micro, common mistakes by bracket. Personalized analysis on WhatsApp or Discord in 30 seconds.
Civ guide
Shu
Perfil
Jugador #20275312